Map: Lightshade LE

Players

Lambo - Winner!

  • Race: Zerg Zerg
  • League: Grandmaster

HeroMarine

  • Race: Terran Terran
  • League: Master

Event: DreamHack SC2 Masters 2021 Summer

VOD

Have the link to the VOD?

Description

Time

  • Played on: June 5, 2021, 1:54 p.m.
  • Length: 13:43

All games in this series

Show
View Real Time Build Order
Export as new Build Order

Lambo Zerg - Winner!

Build Orders: Hatch First 

Get SALT Encoding   

  12  0:00  Drone  
  13  0:12  Overlord  
  13  0:16  Drone  
  14  0:31  Drone x2  
  16  0:47  Hatchery  
  15  0:52  Drone  
  15  0:54  Drone  
  17  0:58  Drone  
  18  1:09  Extractor  
  17  1:12  Spawning Pool  
  17  1:16  Drone  
  17  1:19  Drone  
  18  1:29  Drone  
  19  1:39  Drone  
  20  1:50  Drone  
  21  1:59  Queen  
  21  2:00  Queen  
  21  2:01  Zergling x4  
  27  2:10  Drone  
  27  2:12  Overlord  
  28  2:21  Hatchery  
  27  2:24  Drone  
  28  2:32  Drone  
  28  2:34  Drone  
  28  2:36  Pneumatized Carapace  
  30  2:39  Drone  
  30  2:44  Drone  
  32  2:45  Overlord  
  32  2:51  Queen  
  32  2:55  Drone  
  32  2:57  Drone  
  36  3:05  Drone x2  
  38  3:09  Drone x2  
  40  3:14  Metabolic Boost  
  40  3:16  Drone  
  40  3:19  Drone  
  42  3:20  Overlord  
  42  3:26  Drone  
  43  3:31  Drone  
  43  3:32  Queen  
  43  3:33  Drone  
  47  3:42  Spine Crawler, Drone x3  
  47  3:43  Drone  
  47  3:47  Queen  
  52  3:51  Drone x2  
  54  3:57  Zergling x6  
  57  4:07  Overlord  
  57  4:11  Queen, Extractor, Overlord  
  57  4:16  Overlord  
  59  4:28  Queen  
  61  4:35  Drone x12  
  73  4:50  Overlord x2  
  73  4:52  Baneling Nest  
  72  4:55  Overlord  
  72  4:59  Spore Crawler  
  71  5:00  Extractor, Spore Crawler x2  
  71  5:01  Overlord  
  71  5:06  Overlord  
  68  5:08  Queen, Lair  
  68  5:13  Drone x4  
  74  5:15  Zergling x4  
  74  5:16  Zergling x2, Extractor  
  76  5:22  Drone x4  
  76  5:26  Queen  
  82  5:31  Drone x2  
  82  5:33  Drone  
  85  5:39  Extractor x2, Drone x2  
  85  5:40  Drone  
  87  5:46  Evolution Chamber  
  87  5:47  Evolution Chamber  
  87  5:48  Baneling x3  
  87  5:49  Zergling x8  
  88  5:54  Drone x6  
  93  6:01  Drone  
  93  6:02  Drone  
  95  6:05  Drone  
  95  6:07  Overseer  
  95  6:08  Overseer  
  95  6:11  Drone  
  97  6:12  Hatchery  
  97  6:13  Zerg Melee Weapons Level 1, Zerg Ground Armor Level 1  
  97  6:16  Overlord  
  96  6:20  Overlord  
  96  6:22  Drone  
  96  6:23  Overlord x2  
  97  6:27  Overlord x2  
  97  6:28  Hatchery  
  96  6:35  Drone x6  
  102  6:41  Drone x4  
  102  6:47  Drone x2  
  102  6:48  Drone x2  
  103  6:58  Drone x3  
  103  7:01  Zergling x8  
  110  7:08  Hatchery  
  109  7:11  Zergling x12  
  112  7:17  Drone x3  
  115  7:23  Zergling x6  
  115  7:27  Zergling x4, Centrifical Hooks  
  115  7:29  Baneling x6  
  120  7:32  Zergling x2  
  120  7:35  Zergling x2  
  122  7:38  Zergling x10  
  122  7:40  Zergling x2  
  127  7:44  Zergling x2  
  127  7:49  Zergling x2  
  127  7:50  Zergling x4  
  130  7:53  Zergling x6  
  131  7:59  Zergling x6  
  133  8:05  Overlord, Infestation Pit  
  133  8:07  Baneling x13  
  133  8:08  Overlord  
  130  8:14  Hatchery  
  130  8:16  Overlord  
  130  8:17  Overlord  
  130  8:18  Overlord  
  129  8:20  Overlord  
  129  8:21  Spore Crawler  
  129  8:22  Overlord  
  129  8:24  Zerg Melee Weapons Level 2, Zerg Ground Armor Level 2  
  128  8:32  Zergling x16  
  128  8:33  Zergling x12  
  141  8:34  Baneling x4, Hatchery  
  141  8:35  Zergling x14  
  141  8:37  Queen  
  141  8:39  Zergling x4  
  149  8:44  Zergling x6  
  150  8:49  Zergling x14  
  150  8:50  Zergling x2  
  150  8:52  Baneling x5, Queen  
  150  8:54  Hive  
  157  8:56  Zergling x4  
  157  8:59  Zergling x4  
  149  9:05  Zergling x8  
  149  9:07  Zergling x2  
  147  9:11  Zergling x14  
  154  9:21  Zergling x12  
  159  9:27  Baneling x5  
  159  9:31  Zergling x12  
  165  9:32  Baneling x4  
  165  9:37  Zergling x10  
  170  9:43  Zergling x12  
  176  9:47  Zergling x10  
  176  9:48  Overseer  
  179  9:56  Zergling x14  
  179  9:59  Zergling x6  
  189  10:03  Baneling x6  
  189  10:04  Zergling x12  
  185  10:07  Zergling x6  
  164  10:15  Zergling x16  
  164  10:17  Zergling x2  
  164  10:20  Overseer  
  167  10:23  Zergling x14  
  167  10:27  Zergling x2  
  162  10:29  Adrenal Glands  
  162  10:31  Ultralisk Cavern  
  162  10:34  Zergling x14  
  162  10:35  Baneling, Hatchery  
  167  10:36  Baneling x8  
  167  10:38  Spine Crawler  
  167  10:39  Zergling x2  
  167  10:40  Zergling x4  
  167  10:42  Zergling x6  
  158  10:45  Zergling x4  
  158  10:49  Baneling  
  160  10:50  Baneling x3  
  160  10:51  Zergling x8  
  160  10:55  Zerg Ground Armor Level 3  
  164  10:59  Zergling x8  
  168  11:06  Zergling x16  
  175  11:12  Drone x4  
  168  11:25  Overlord  
  168  11:27  Overlord  
  168  11:30  Drone x2  
  166  11:34  Baneling x6  
  166  11:35  Zergling x22  
  171  11:45  Chitinous Plating  
  154  11:47  Zergling x10  
  154  11:53  Zergling x8  
  160  11:54  Baneling  
  160  11:58  Zergling x6  
  160  12:00  Zergling x4  
  149  12:04  Zergling x8  
  149  12:06  Baneling x3  
  149  12:08  Zergling x2  
  146  12:10  Baneling  
  146  12:11  Baneling x5  
  146  12:13  Zergling x4  
  146  12:15  Zergling x4  
  127  12:17  Zergling x2  
  127  12:18  Zergling x2  
  124  12:25  Zergling x2  
  124  12:26  Zergling x12  
  124  12:29  Baneling  
  129  12:30  Baneling x5  
  129  12:35  Zergling x12  
  134  12:40  Zergling x10  
  134  12:42  Baneling x2  
  134  12:43  Zergling x2  
  139  12:47  Zergling x8  
  141  12:53  Zergling x2  
  132  12:58  Zergling x2  
  132  12:59  Zergling x16  
  132  13:03  Zergling x8  
  143  13:09  Zergling x10  
  146  13:17  Zergling x14  
  148  13:23  Zergling x10  
  148  13:26  Zergling x2  
Show
View Real Time Build Order
Export as new Build Order

HeroMarine Terran 

Build Orders: Hellion Banshee 

Get SALT Encoding   

  12  0:00  SCV  
  13  0:12  SCV  
  14  0:17  Supply Depot  
  14  0:24  SCV  
  15  0:38  SCV  
  15  0:41  Barracks  
  16  0:43  Refinery  
  16  0:50  SCV  
  17  1:02  SCV  
  18  1:14  SCV  
  19  1:28  Barracks Reactor, Orbital Command  
  19  1:39  Command Center  
  19  1:48  Supply Depot  
  19  1:53  SCV  
  20  2:03  Factory  
  20  2:05  SCV  
  20  2:07  Marine  
  22  2:10  Marine  
  23  2:17  SCV  
  24  2:25  Marine  
  24  2:28  Marine  
  24  2:29  SCV  
  27  2:33  Refinery  
  27  2:41  SCV  
  28  2:48  Starport  
  28  2:52  Orbital Command  
  28  2:53  Hellion  
  28  2:56  Hellion  
  28  2:58  SCV  
  33  3:05  Marine  
  34  3:14  Hellion  
  34  3:17  SCV, Hellion  
  34  3:18  SCV  
  40  3:24  Supply Depot  
  40  3:25  Medivac  
  42  3:28  Marine  
  43  3:36  Armory  
  44  3:42  Hellion  
  44  3:46  Supply Depot, Hellion  
  44  3:47  SCV  
  48  3:50  SCV  
  49  4:00  SCV, Starport Tech Lab  
  49  4:02  SCV  
  51  4:03  Hellion  
  51  4:08  Hellion  
  55  4:10  Supply Depot  
  55  4:12  SCV  
  55  4:14  SCV  
  57  4:24  SCV  
  57  4:26  SCV  
  59  4:36  SCV, Banshee, Cloaking Field  
  59  4:38  SCV  
  64  4:44  Hellion x2  
  66  4:48  SCV  
  66  4:50  SCV  
  66  4:55  Hellion x6  
  66  4:57  Command Center  
  66  5:00  SCV  
  66  5:01  Supply Depot  
  66  5:02  SCV, Barracks Tech Lab  
  68  5:12  SCV  
  69  5:14  SCV  
  69  5:16  Barracks  
  69  5:17  Barracks  
  69  5:18  Factory Reactor  
  70  5:25  SCV, Supply Depot, Banshee  
  70  5:26  SCV  
  70  5:27  Stimpack  
  75  5:37  Engineering Bay  
  75  5:38  Engineering Bay  
  75  5:39  Supply Depot  
  75  5:40  SCV x2  
  77  5:45  Marine  
  78  5:52  SCV x2, Refinery x2  
  79  6:04  Factory Reactor, SCV  
  79  6:05  SCV  
  79  6:06  Barracks  
  79  6:08  Barracks  
  79  6:09  Terran Infantry Weapons Level 1, Terran Infantry Armor Level 1  
  79  6:10  Orbital Command  
  81  6:14  Marine  
  81  6:15  Marine x3  
  81  6:16  SCV, Marine  
  87  6:19  SCV  
  88  6:28  SCV  
  88  6:31  SCV  
  88  6:32  Marine x2, Orbital Command  
  90  6:33  Marine x2  
  90  6:35  Marine  
  91  6:41  SCV, Supply Depot  
  91  6:43  SCV  
  91  6:44  Supply Depot  
  80  6:50  Marine x3  
  80  6:51  Marine  
  80  6:53  SCV, Marine  
  82  6:55  Barracks Reactor, SCV  
  82  6:56  Barracks Reactor  
  82  6:58  Medivac x2  
  87  7:01  SCV  
  87  7:05  SCV  
  87  7:08  SCV, Marine x3, Siege Tank  
  94  7:09  Marine  
  94  7:10  Combat Shield  
  94  7:11  Marine  
  94  7:13  SCV  
  99  7:17  SCV  
  99  7:20  SCV  
  101  7:24  Refinery  
  101  7:25  SCV, Refinery  
  101  7:26  Marine x3  
  101  7:27  Marine  
  101  7:28  Medivac x2, Factory  
  101  7:29  Marine  
  111  7:32  Marine x2  
  111  7:35  Marine  
  114  7:37  Supply Depot  
  114  7:39  Marine, Supply Depot  
  114  7:40  Supply Depot  
  114  7:43  Marine  
  114  7:44  Marine x2  
  116  7:45  Marine  
  116  7:46  Marine  
  116  7:50  Marine x2  
  122  7:53  Marine  
  122  7:57  Marine  
  123  8:00  SCV  
  123  8:01  Marine x2  
  123  8:02  Marine x2  
  123  8:04  Marine, Medivac x2  
  130  8:07  Terran Infantry Armor Level 2  
  130  8:08  Marine x2  
  130  8:10  Terran Infantry Weapons Level 2  
  129  8:18  Terran Vehicle And Ship Armor Level 1, Marine  
  129  8:19  Marine x2  
  131  8:20  Marine x3  
  131  8:21  Factory Reactor  
  131  8:22  Marine  
  131  8:25  Marine x2  
  131  8:26  Supply Depot x2  
  138  8:27  SCV  
  138  8:28  SCV x2  
  140  8:36  Marine  
  140  8:37  Marine x4  
  140  8:38  Marine  
  140  8:40  Marine  
  144  8:43  Marine x2  
  145  8:54  Marine x2  
  145  8:55  Marine x2  
  147  8:59  Marine  
  147  9:00  Marine  
  139  9:02  Medivac  
  139  9:03  Medivac  
  139  9:05  Marine x2  
  139  9:06  Marine  
  139  9:07  Widow Mine x3  
  142  9:10  Drilling Claws  
  142  9:12  Marine x2  
  142  9:13  Marine x2  
  142  9:17  Marine  
  144  9:19  Command Center  
  144  9:20  Sensor Tower  
  144  9:22  SCV x2  
  146  9:24  Marine  
  146  9:25  Marine  
  146  9:29  Marine  
  149  9:35  Supply Depot  
  149  9:36  Marine  
  149  9:37  Widow Mine x3  
  149  9:38  Supply Depot  
  156  9:43  Marine  
  157  9:49  Supply Depot  
  157  9:50  Supply Depot  
  155  9:56  Liberator x2  
  155  9:58  Widow Mine x2  
  167  10:00  Widow Mine  
  166  10:08  Marine  
  166  10:13  SCV x2  
  166  10:14  SCV  
  141  10:20  Widow Mine x2  
  143  10:21  Widow Mine  
  143  10:23  Marine x2  
  143  10:25  SCV  
  143  10:26  SCV x2  
  138  10:37  Marine x2  
  138  10:38  SCV x3, Marine x5  
  138  10:39  Medivac x2  
  138  10:40  Marine, Terran Infantry Weapons Level 3, Terran Infantry Armor Level 3  
  138  10:41  Widow Mine x2, Marine  
  156  10:43  Widow Mine  
  156  10:50  SCV x3  
  156  10:55  Marine x3  
  156  10:56  Marine x4  
  166  10:59  Marine x2  
  166  11:02  SCV  
  166  11:03  Widow Mine x2, SCV x2  
  177  11:04  Widow Mine  
  175  11:13  Marine x4  
  175  11:16  Marine x3  
  180  11:22  SCV x3  
  180  11:24  Widow Mine x2, Marine x2  
  181  11:25  Widow Mine  
  181  11:27  Medivac x2  
  181  11:31  Marine x3  
  184  11:34  SCV  
  184  11:36  Planetary Fortress  
  184  11:38  Marine  
  184  11:39  Marine x3  
  189  11:42  Marine  
  189  11:43  Marine  
  189  11:45  Widow Mine  
  189  11:46  Widow Mine, Refinery  
  183  11:47  Widow Mine  
  183  11:52  Marine x3  
  183  11:56  Marine x2  
  183  11:57  Medivac  
  183  12:00  Marine x2  
  181  12:06  SCV  
  181  12:07  SCV x2, Widow Mine  
  169  12:10  Marine  
  169  12:15  Marine  
  152  12:16  SCV  
  152  12:18  SCV  
  152  12:19  SCV x2  
  147  12:23  Factory Reactor, Marine x7  
  147  12:28  Marine  
  151  12:33  Marine  
  150  12:41  Marine x5  
  150  12:43  SCV, Marine  
  150  12:44  SCV, Marine  
  154  12:45  Marine  
  154  12:50  Widow Mine, Marine  
  125  12:59  Marine x4  
  125  13:00  Widow Mine  
  125  13:01  Marine  
  125  13:02  Marine, Medivac  
  125  13:03  Marine  
  127  13:08  Marine, Orbital Command  
  127  13:09  Medivac, Orbital Command  
  127  13:11  Widow Mine  
  104  13:33  Supply Depot  
  93  13:34  Supply Depot  
Tags
 
Add a new tag
Caveats
  • Supply blocks, unpowered buildings, or Contaminate may cause inaccurate times.
  • Supply counts are checked every 10 seconds.